 Dungeon Crawl Stone Soup version 0.21.0 (webtiles) character file.

517 Inarius the Chiller (level 7, 52/52 HPs)
             Began as a Red Draconian Ice Elementalist on Jan 7, 2018.
             Was an Initiate of Vehumet.
             Got out of the dungeon alive.
             The game lasted 00:14:22 (4020 turns).

Inarius the Chiller (DrIE)                          Turns: 4020, Time: 00:14:23

Health: 52/52      AC:  9    Str: 10    XL:     7   Next: 0%
Magic:  11/11      EV: 12    Int: 17    God:    Vehumet [......]
Gold:   201        SH:  0    Dex: 12    Spells: 6/12 levels left

rFire    . . .     SeeInvis .   p - +0 hand axe (chop)
rCold    + . .     Gourm    .   (no shield)
rNeg     . . .     Faith    +   (armour unavailable)
rPois    .         Spirit   .   (helmet restricted)
rElec    .         Reflect  .   (no cloak)
rCorr    .         Harm     .   e - +0 pair of gloves
MR       .....                  n - +1 pair of boots
Stlth    ++........             t - amulet of faith
HPRegen  0.17/turn              l - ring of ice
MPRegen  0.12/turn              (no ring)

@: no status effects
A: breathe fire, unfitting armour, fire resistance 1, cold-blooded, AC +6
a: Breathe Fire, Renounce Religion


You escaped.
You worshipped Vehumet.
Vehumet was noncommittal.
You were hungry.

You visited 1 branch of the dungeon, and saw 6 of its levels.

You collected 326 gold pieces.
You spent 125 gold pieces at shops.

Inventory:

Hand Weapons
 p - a +0 hand axe of chopping (weapon)
Armour
 d - a +0 shield
 e - a +0 pair of gloves (worn)
 n - a +1 pair of boots (worn)
Jewellery
 g - an uncursed amulet of regeneration
 l - a ring of ice (left hand)
 t - an amulet of faith (around neck)
 u - a cursed amulet of inaccuracy {unknown}
 z - a +2 ring of dexterity {unknown}
Wands
 k - a wand of paralysis (21)
 y - a wand of acid (6)
Scrolls
 i - a scroll of amnesia
 m - 2 scrolls of teleportation
 r - 3 scrolls of enchant armour
 w - a scroll of fog
 x - a scroll of blinking
Potions
 c - 2 potions of agility
 f - a potion of haste {unknown}
 h - 7 potions of curing
 j - a potion of heal wounds {unknown}
 o - 2 potions of might {unknown}
 q - 2 potions of invisibility
 s - a potion of flight {unknown}
 v - a potion of cancellation {unknown}
Books
 a - a book of Frost

   Spells                             Type                      Level
   a - Freeze                         Ice                          1
   b - Throw Frost                    Conjuration/Ice              2
   c - Ozocubu's Armour               Charms/Ice                   3
   d - Throw Icicle                   Conjuration/Ice              4
   e - Summon Ice Beast               Ice/Summoning                4
Comestibles
 b - 9 rations


   Skills:
 + Level 1.6 Fighting
 - Level 1.0 Axes
 + Level 2.3 Dodging
 - Level 1.7 Stealth
 + Level 1.4 Shields
 + Level 3.2 Spellcasting
 * Level 2.9 Conjurations
 * Level 1.9 Charms
 * Level 4.3 Ice Magic


You had 6 spell levels left.
You knew the following spells:

 Your Spells              Type           Power        Failure   Level  Hunger
a - Freeze                Ice            ####         2%          1    None
b - Ozocubu's Armour      Chrm/Ice       ###.....     14%         3    ###....
c - Throw Frost           Conj/Ice       ###...       5%          2    ##.....


Dungeon Overview and Level Annotations

Branches:
Dungeon (6/15)             Temple (0/1) D:5

Altars:
Cheibriados
Fedhas
Kikubaaqudgha
Nemelex Xobeh
Okawaru
Sif Muna
Vehumet
The Shining One

Shops:
D:5 *

Annotations:
D:3 Ymberto's ghost, amateur HuFi


Innate Abilities, Weirdness & Mutations

You can breathe blasts of fire.
Your fiery red scales are hard. (AC +6)
You cannot fit into any form of body armour.
Your flesh is heat resistant. (rF+)
You are cold-blooded and may be slowed by cold attacks.


Message History

Where to? (Enter - D:1, ? - help)
There is an open door here.
You open the door.
There is an open door here.
You see here a ring mail.
There is a stone staircase leading up here.
HP restored.
You climb upwards.
There is a stone staircase leading down here.
You enter the shallow water.
Moving in this stuff is going to be slow.
You enter the shallow water.
Moving in this stuff is going to be slow.
There is a staircase leading out of the dungeon here.
Are you sure you want to leave the Dungeon?
This will make you lose the game!
Alright, then stay!
There is a staircase leading out of the dungeon here.
You can't go down here!
Are you sure you want to leave the Dungeon?
This will make you lose the game!
You have escaped!

#..............### #...#....
####...........# #############
####...........#####.........###
#..............##...............
#..............#......⌠...⌠.....
#........#######...⌠.........⌠..
#........# #.........≈.......
#........# #...⌠...........⌠.
#........# #@.....≈.....≈....
#........# #...⌠...........⌠.
#........# #.........≈.......
#........# ##...⌠.........⌠..
#........# #......⌠(..⌠.....
#........# ##...............
#........# ####.........###
########## ###########


There were no monsters in sight!

Vanquished Creatures
  An ogre (D:5)
  A centaur (D:5)
  A scorpion (D:6)
  An orc priest (D:4)
  2 worker ants
  An iguana (D:5)
  A hound zombie (D:5)
  A worker ant zombie (D:5)
  4 gnolls (D:5)
  3 adders
  2 oozes (D:1)
  2 worms
  3 dart slugs (D:1)
  4 leopard geckos
  6 orcs
  8 bats
  5 giant cockroaches
  7 goblins
  7 hobgoblins
  4 jackals
  4 kobolds
  3 quokkas (D:4)
  4 ball pythons
  8 frilled lizards
  2 leopard gecko zombies (D:5)
  A quokka skeleton (D:5)
  3 rats (D:1)
89 creatures vanquished.

Notes
Turn   | Place    | Note
-------+----------+-------------------------------------------
     0 | D:1      | Inarius the Draconian Ice Elementalist began the quest for the Orb.
     0 | D:1      | Reached XP level 1. HP: 14/14 MP: 3/3
   111 | D:1      | Reached XP level 2. HP: 7/20 MP: 1/5
   225 | D:1      | Reached XP level 3. HP: 24/26 MP: 0/6
   282 | D:1      | Learned a level 3 spell: Ozocubu's Armour
   309 | D:1      | Learned a level 2 spell: Throw Frost
   325 | D:1      | Reached skill level 1 in Shields
   978 | D:2      | Found a glowing golden altar of the Shining One.
  1368 | D:2      | Reached XP level 4. HP: 16/33 MP: 5/7
  1425 | D:3      | Noticed Ymberto's ghost (amateur HuFi)
  1680 | D:3      | Found a blossoming altar of Fedhas.
  1943 | D:2      | Reached skill level 1 in Axes
  2291 | D:4      | Reached skill level 4 in Ice Magic
  2480 | D:4      | Reached skill level 1 in Charms
  2480 | D:4      | Reached XP level 5. HP: 27/39 MP: 0/8
  2566 | D:4      | Found a radiant altar of Vehumet.
  2582 | D:4      | Became a worshipper of Vehumet
  2585 | D:4      | Found an ancient bone altar of Kikubaaqudgha.
  2586 | D:4      | Found a deep blue altar of Sif Muna.
  2589 | D:4      | Identified Sif Muna's Guide on Augmentations
  2795 | D:5      | Entered Level 5 of the Dungeon
  2825 | D:5      | Found a staircase to the Ecumenical Temple.
  2859 | D:5      | Noticed a centaur
  2870 | D:5      | Killed a centaur
  2870 | D:5      | Reached skill level 1 in Fighting
  2934 | D:5      | Found Gadwooc's Assorted Antiques.
  2945 | D:5      | Bought a potion of curing for 75 gold pieces
  2945 | D:5      | Bought a scroll of identify for 50 gold pieces
  3053 | D:5      | Reached XP level 6. HP: 43/47 MP: 10/10
  3295 | D:5      | Reached skill level 5 in Ice Magic
  3424 | D:5      | Found a sparkling altar of Nemelex Xobeh.
  3819 | D:6      | Found a snail-covered altar of Cheibriados.
  3820 | D:6      | Found an iron altar of Okawaru.
  3831 | D:6      | Your scales start taking on a fiery red colour.
  3831 | D:6      | Reduced skill Ice Magic to level 4
  3831 | D:6      | Reached XP level 7. HP: 52/52 MP: 4/11
  3831 | D:6      | Gained mutation: Your flesh is heat resistant. (rF+) [Red Draconian growth]
  4020 | D:$      | Got out of the dungeon alive.

Skill      XL: |  1  2  3  4  5  6 |
---------------+-------------------+-----
Shields        | 1 |  1.4
Axes           | 1 |  1.0
Conjurations   | 2 |  2.9
Ice Magic      | 4 4 |  4.3
Dodging        | 2 |  2.3
Charms         | 1 |  1.9
Fighting       | 1 |  1.6
Spellcasting   | 3 |  3.2
Stealth        | |  1.7

Action                   |  1- 3 |  4- 6 |  7- 9 || total
-------------------------+-------+-------+-------++-------
Melee: Hand axe          |    60 |   146 |       ||   206
       Tailslap          |    17 |    13 |       ||    30
       Dagger            |    84 |       |       ||    84
 Cast: Freeze            |    20 |    24 |     1 ||    45
       Throw Frost       |       |     9 |       ||     9
       Ozocubu's Armour  |       |     4 |       ||     4
  Use: Scroll            |     6 |     5 |       ||    11
       Potion            |       |     1 |       ||     1
 Stab: Sleeping          |     2 |     1 |       ||     3
  Eat: Chunk             |     2 |     9 |       ||    11
Armor: Skin              |    63 |    68 |       ||   131
Dodge: Dodged            |   103 |   121 |       ||   224
Block: Shield            |    39 |       |       ||    39
